 Dungeon Crawl Stone Soup version 0.24.0-37-gcf1ca852f1 (webtiles) character file.

Game seed: 15796362547135211786, levelgen mode: deterministic

168 Iamsoldier the Skirmisher (level 5, -2/34 HPs)
             Began as a Gargoyle Fighter on Dec 6, 2019.
             Was an Initiate of Qazlal.
             Killed by divine providence
             ... invoked by an orc priest
              (11 damage)
             ... on level 3 of the Dungeon.
             The game lasted 00:06:41 (2982 turns).

Iamsoldier the Skirmisher (Gargoyle Fighter)        Turns: 2982, Time: 00:06:42

Health: -2/34      AC: 14    Str: 17 (20) XL:     5   Next: 48%
Magic:  5/5        EV:  9    Int:  8 (9)  God:    Qazlal [......]
Gold:   91         SH:  9    Dex: 12 (14) Spells: 4/4 levels left

rFire    . . .     SeeInvis .   a - +0 flail
rCold    . . .     Gourm    .   c - +0 shield
rNeg     + . .     Faith    .   k - +0 chain mail
rPois    ∞         Spirit   .   d - +0 helmet
rElec    +         Reflect  .   (no cloak)
rCorr    .         Harm     .   (no gloves)
MR       .....                  (no boots)
Stlth    ..........             (no amulet)
HPRegen  0.11/turn              (no ring)
MPRegen  0.09/turn              (no ring)

@: agile, flying, hasted, very quick
A: negative energy resistance 1, electricity resistance, unbreathing,
petrification resistance, rot immunity, AC +4
a: Renounce Religion


You were on level 3 of the Dungeon.
You worshipped Qazlal.
Qazlal was noncommittal.
You were not hungry.

You visited 1 branch of the dungeon, and saw 3 of its levels.

You collected 91 gold pieces.

Inventory:

Hand Weapons
 a - a +0 flail (weapon)
Armour
 c - a +0 shield (worn)
 d - a +0 helmet (worn)
 k - a +0 chain mail (worn)
Wands
 o - a wand of flame (14)
 q - a wand of paralysis (6)
Scrolls
 g - 2 scrolls of identify {unknown}
 j - a scroll of fog {unknown}
 l - a scroll of remove curse {unknown}
 n - a scroll of amnesia {unknown}
 p - a scroll of enchant weapon {unknown}
 s - a scroll of magic mapping {unknown}
Potions
 m - 2 potions of flight
Comestibles
 f - 4 rations
 r - 4 chunks of flesh


   Skills:
 * Level 4.7 Fighting
 * Level 3.5 Maces & Flails
 + Level 3.9 Armour
 + Level 4.0 Shields


You had 4 spell levels left.
You didn't know any spells.
Your spell library was empty.

Dungeon Overview and Level Annotations

Branches:
Dungeon (3/15)

Altars:
Hepliaklqana
Qazlal
Uskayaw
Vehumet
The Shining One

Annotations:
D:1 dig


Innate Abilities, Weirdness & Mutations

You are resistant to torment.
Your stone body is resilient. (AC +4)
You are immune to poison.
You resist negative energy. (rN+)
You are resistant to electric shocks. (rElec)
You can survive without breathing.
You are immune to petrification.
You are immune to rotting.


Message History

It was a potion of degeneration.
There was something very wrong with that liquid.
You feel weakened.
You feel dopey.
You feel clumsy. The orc hits you but does no damage.
It was a potion of haste.
You feel yourself speed up. The orc priest barely misses you.
You block the orc's attack.
The orc wizard mumbles some strange words.
The orc wizard seems to speed up.
You hit the orc priest but do no damage.
The orc priest is lightly wounded.
The orc priest hits you but does no damage.
The orc wizard gestures at you while chanting.
The magic dart hits you.
* * * LOW HITPOINT WARNING * * *
You thump the orc priest!
The orc priest is severely wounded.
The orc misses you. You block the orc wizard's attack.
The orc priest calls down the wrath of Beogh upon you.
Beogh smites you!
You die...

#.##.## # ###...## # #..#..# #
#.###.# ## ######.###.## #.
....##.#_.).###. # ####
###.÷..#...._##.###.##.# .. ....
# ####)#_...##.o†....#.# ... ....
######.###.##...@#####(##..######
.....#.###.#....oo..........># #
.....#..#..#...>..###...#..#.####
#######...#######.###...#..#.#...
##.##.............#..#.#...
#_########.##....#..#.#... ####
### #.##.........#... ...#
#.##.....)....... ...#
#.##.........####


You could see an orc priest, an orc wizard and an orc.

Vanquished Creatures
  An orc wizard (D:3)
  Robin (D:2)
  A howler monkey skeleton (D:3)
  2 adders
  An ooze (D:3)
  3 worms (D:3)
  3 dart slugs
  A leopard gecko (D:1)
  5 orcs
  2 ball pythons
  3 giant cockroaches
  17 goblins
  10 hobgoblins
  5 kobolds
  A quokka (D:3)
  5 bats
  4 frilled lizards
  10 rats
75 creatures vanquished.

Notes
Turn   | Place    | Note
-------+----------+-------------------------------------------
     0 | D:1      | Iamsoldier the Gargoyle Fighter began the quest for the
                  | Orb.
     0 | D:1      | Reached XP level 1. HP: 14/14 MP: 1/1
   108 | D:1      | Reached XP level 2. HP: 17/19 MP: 2/2
   780 | D:1      | Reached XP level 3. HP: 23/24 MP: 3/3
  1203 | D:2      | Noticed Robin
  1280 | D:2      | Killed Robin
  1280 | D:2      | Reached XP level 4. HP: 7/29 MP: 4/4
  2247 | D:3      | Reached XP level 5. HP: 34/34 MP: 5/5
  2489 | D:3      | Found a radiant altar of Vehumet.
  2489 | D:3      | Found a stormy altar of Qazlal.
  2507 | D:3      | Found a hide-covered altar of Uskayaw.
  2510 | D:3      | Became a worshipper of Qazlal Stormbringer
  2513 | D:3      | Found a hazy altar of Hepliaklqana.
  2515 | D:3      | Found a glowing golden altar of the Shining One.
  2982 | D:3      | Killed from afar by an orc priest

Levels and vault maps discovered:
D:1:      co_arrival_random_square_maze, layout_basic, due_unseen_surprise
D:2:      layout_basic, uniq_robin
D:3:      kennysheep_big_flooded_room, layout_basic,
          chequers_temple_overflow_minitemple, first_ration, uniq_grinder

Skill      XL: |  1  2  3  4  5 |
---------------+----------------+-----
Fighting       | 4 |  4.7
Maces & Flails | 3 |  3.5
Shields        | 4 |  4.0
Armour         | |  3.9

Action                   |  1- 3 |  4- 6 || total
-------------------------+-------+-------++-------
Melee: Flail             |   162 |   168 ||   330
  Use: Potion            |     1 |     6 ||     7
  Eat: Chunk             |     1 |     6 ||     7
Armor: Scale mail        |    12 |       ||    12
       Chain mail        |   116 |   166 ||   282
Dodge: Dodged            |    41 |    51 ||    92
Block: Shield            |   107 |   120 ||   227
